 Dungeon Crawl Stone Soup version 0.23.2-40-g277498a001 (webtiles) character file.

Game seed: 16506113682240681509

70 Hylith the Covered (level 4, -9/42 HPs)
             Began as a Deep Dwarf Fighter on Sept 10, 2019.
             Mangled by Sigmund
             ... wielding a +5 scythe of distortion
              (24 damage)
             ... on level 2 of the Dungeon.
             The game lasted 00:05:38 (1378 turns).

Hylith the Covered (Deep Dwarf Fighter)             Turns: 1378, Time: 00:05:39

Health: -9/42      AC:  7    Str: 25    XL:     4   Next: 3%
Magic:  4/4        EV:  7    Int:  9    God:
Gold:   39         SH: 10    Dex: 12    Spells: 3/3 levels left

rFire    . . .     SeeInvis .   a - +0 war axe
rCold    . . .     Gourm    .   c - +0 shield
rNeg     . . .     Faith    .   b - +0 scale mail
rPois    .         Spirit   .   (no helmet)
rElec    .         Reflect  .   (no cloak)
rCorr    .         Harm     .   (no gloves)
MR       .....                  (no boots)
Stlth    ..........             (no amulet)
HPRegen  0.00/turn              (no ring)
MPRegen  0.09/turn              (no ring)

@: mighty, non-regenerating
A: damage resistance, heal wounds, sense surroundings 1, no regeneration
a: Heal Wounds


You were on level 2 of the Dungeon.
You were not hungry.

You visited 1 branch of the dungeon, and saw 2 of its levels.

You collected 39 gold pieces.

Inventory:

Hand Weapons
 a - a +0 war axe (weapon)
Armour
 b - a +0 scale mail (worn)
 c - a +0 shield (worn)
Wands
 l - a wand of flame (10)
Scrolls
 e - 5 scrolls of identify {unknown}
 h - 2 scrolls of enchant weapon {unknown}
 i - a scroll of amnesia {unknown}
 j - a scroll of teleportation {unknown}
 k - 2 scrolls of magic mapping {unknown}
 m - a scroll of remove curse {unknown}
Potions
 n - a potion of curing
Comestibles
 f - 3 rations
 g - 3 chunks of flesh


   Skills:
 + Level 3.2 Fighting
 + Level 3.0 Axes
 + Level 3.9 Armour
 + Level 3.9 Shields


You had 3 spell levels left.
You didn't know any spells.
Your spell library was empty.

Dungeon Overview and Level Annotations

Branches:
Dungeon (2/15)

Altars:

Annotations:
D:2 Sigmund


Innate Abilities, Weirdness & Mutations

You are resistant to damage.
You can heal yourself by infusing magical energy.
You passively map a small area around you.
You do not regenerate.


Message History

A puff of flame appears from out of thin air!
You block the puff of flame.
You miss something. Something hits you. Space warps horribly around you!
* * * LOW HITPOINT WARNING * * *
You feel much better. Something hits you!
* * * LOW HITPOINT WARNING * * *
Space bends around you.
* * * LOW HITPOINT WARNING * * *
You feel much better.
You barely miss something.
You hear some strange, mumbled words.
A magic dart appears from out of thin air!
The magic dart hits you. Something completely misses you.
Your shield prevents you from hitting something.
Your shield and scale mail prevent you from hitting something.
You hear some strange, mumbled words.
Something tries to affect you, but you resist.
Something hits you! Space warps horribly around you!!
Ouch! That really hurt!
You die...

.......#.....(<...........
*
.)..........(#####..#.....
.†.....#)..(#####...#.....
.....#..#####.....(...##..,
,, ............#..###.####
. ...#..........####.## , ,
, .....##...#.........####,
, ...############........#
#..# ##@...##. ....
*#..{....# * #..#........#
, , * ....,......##.# , .##
###....# ,. , * #....#* *
###### , , * * , ** * * ,


There were no monsters in sight!

Vanquished Creatures
  3 adders
  A dart slug (D:1)
  4 ball pythons (D:1)
  7 bats
  A giant cockroach (D:1)
  8 goblins
  6 hobgoblins
  7 kobolds
  A frilled lizard (D:2)
  A rat (D:1)
39 creatures vanquished.

Notes
Turn   | Place    | Note
-------+----------+-------------------------------------------
     0 | D:1      | Hylith the Deep Dwarf Fighter began the quest for the Orb.
     0 | D:1      | Reached XP level 1. HP: 20/20 MP: 1/1
   211 | D:1      | Reached XP level 2. HP: 24/27 MP: 2/2
   575 | D:1      | Reached XP level 3. HP: 24/34 MP: 3/3
  1316 | D:2      | Reached XP level 4. HP: 21/42 MP: 4/4
  1369 | D:2      | Noticed Sigmund
  1373 | D:2      | HP: 1/42 [something (14)]
  1378 | D:2      | Mangled by Sigmund

Skill      XL: |  1  2  3 |
---------------+----------+-----
Fighting       | 3 |  3.2
Axes           | 3 |  3.0
Armour         | |  3.9
Shields        | |  3.9

Action                   |  1- 3 |  4- 6 || total
-------------------------+-------+-------++-------
Melee: War axe           |   125 |    10 ||   135
 Abil: Heal Wounds       |       |     2 ||     2
  Use: Potion            |       |     1 ||     1
  Eat: Chunk             |     1 |     1 ||     2
Armor: Scale mail        |    59 |     1 ||    60
Dodge: Dodged            |    34 |     6 ||    40
Block: Shield            |    69 |     4 ||    73
